AoeStats
← 安安您好

Nomad

510080199Analyzed
4v4 RM · 2d ago on Sep 29, 2026· 30m 58s· 8 players
Game mode
Random Map
Map size
231×231
Population
200
Speed
Normal
Resources
Standard
Victory
Conquest
Starting age
Dark Age
Ending age
Imperial Age
RankedLock teamsTeams togetherTeam positionsShared explorationLock speedFull tech treeHidden civsTurbo modeCheats
Victory
Defeat
🇩🇪 Chinese · Germany
1309
+13
🇹🇭 Vietnamese · Thailand
1303
+13
🇪🇸 Italians · Spain
1238
+15
🇬🇷 Hindustanis · Greece
1215
+16
🇨🇳 Italians · China
1256
-15
🇨🇳 Byzantines · China
1245
-15
🇹🇼 Hindustanis · Taiwan
1219
-14
🇭🇰 Huns · Hong Kong SAR China
1201
-13
Pos3YDoN86
5:09 Loom
13:33 Feudal Age
15:55 Double-Bit Axe
18:06 Wheelbarrow
21:46 Castle Age
20:12 Gold Mining
21:16 Fishing Lines
22:00 Horse Collar
22:39 Medium Warships
22:20 Gillnets
27:07 Heavy Plow
28:46 Hand Cart
28:53 Bow Saw
WiSeMaN
6:02 Loom
15:00 Feudal Age
16:09 Fishing Lines
18:55 Castle Age
17:13 Double-Bit Axe
17:52 Stone Mining
18:09 Gold Mining
20:13 Stone Shaft Mining
19:40 Gillnets
20:08 Bow Saw
22:25 Wheelbarrow
26:34 Hand Cart
28:15 Town Watch
30:22 Scale Barding Armor
Finn4n
4:17 Loom
15:07 Feudal Age
19:05 Castle Age
17:19 Double-Bit Axe
17:26 Stone Mining
24:35 Wheelbarrow
26:04 Hand Cart
26:52 Stone Shaft Mining
26:09 Gold Mining
26:51 Town Watch
27:41 Hand Cart
28:25 Bow Saw
27:58 Horse Collar
29:32 Fletching
30:06 Town Watch
31:33 Gold Shaft Mining
31:33 Stone Shaft Mining
31:04 Bodkin Arrow
31:44 Hand Cart
nikos9730
3:29 Loom
14:49 Feudal Age
25:26 Double-Bit Axe
安逸
8:07 Loom
14:05 Feudal Age
14:43 Double-Bit Axe
15:52 Forging
21:59 Castle Age
20:37 Horse Collar
21:56 Wheelbarrow
22:56 Medium Warships
23:31 Bow Saw
24:39 Hand Cart
30:04 Imperial Age
27:36 Stone Mining
27:45 Fletching
28:57 Treadmill Crane
31:45 Chemistry
game 4 fun
5:24 Loom
14:52 Feudal Age
19:14 Castle Age
17:15 Double-Bit Axe
22:53 Bloodlines
27:22 Town Watch
28:52 Scale Barding Armor
30:50 Wheelbarrow
31:34 Forging
安安您好
7:13 Loom
13:43 Feudal Age
18:32 Castle Age
18:42 Double-Bit Axe
20:55 Bow Saw
20:53 Fishing Lines
21:49 Fletching
_OMO_
5:43 Loom
15:08 Feudal Age
16:09 Double-Bit Axe
19:45 Castle Age
17:46 Fishing Lines
18:24 Fletching
20:20 Padded Archer Armor
19:51 Elite Skirmisher
20:42 Bow Saw
21:54 Pikeman
29:49 Scale Mail Armor
29:51 Padded Archer Armor
Connection lost

Rejoining the realm…

Still unreachable

The connection could not be restored.

Session expired

The server has moved on; the page needs a fresh start.